 Dungeon Crawl Stone Soup version 0.23.2-1-ga50397a6bc (webtiles) character file.

Game seed: 13321829887331790305

751 Peloso the Slasher (level 7, -2/61 HPs)
             Began as a Minotaur Fighter on Apr 17, 2019.
             Slain by an ogre
             ... wielding a +0 giant club
              (7 damage)
             ... on level 4 of the Dungeon.
             The game lasted 00:05:39 (2841 turns).

Peloso the Slasher (Minotaur Fighter)               Turns: 2841, Time: 00:05:40

Health: -2/61      AC: 10    Str: 21    XL:     7   Next: 49%
Magic:  6/6        EV:  9    Int:  5    God:
Gold:   158        SH: 10    Dex: 11    Spells: 6/6 levels left

rFire    . . .     SeeInvis .   a - +0 long sword
rCold    . . .     Gourm    .   c - +0 shield
rNeg     + . .     Faith    .   b - +0 scale mail
rPois    .         Spirit   .   (helmet restricted)
rElec    .         Reflect  .   w - +0 cloak
rCorr    .         Harm     .   s - +0 pair of gloves
MR       .....                  (no boots)
Stlth    ..........             (no amulet)
HPRegen  0.20/turn              o - ring of positive energy
MPRegen  0.10/turn              (no ring)

@: hasted, very quick
A: retaliatory headbutt, horns 2
a: no special abilities


You were on level 4 of the Dungeon.
You were not hungry.

You visited 1 branch of the dungeon, and saw 4 of its levels.

You collected 158 gold pieces.

Inventory:

Hand Weapons
 a - a +0 long sword (weapon)
Armour
 b - a +0 scale mail (worn)
 c - a +0 shield (worn)
 s - a +0 pair of gloves (worn)
 w - a +0 cloak (worn)
Jewellery
 o - a ring of positive energy (left hand)
 C - an uncursed amulet of rage {unknown}
Wands
 v - a wand of flame (23)
 B - a wand of digging (6)
Scrolls
 g - a scroll of remove curse {unknown}
 i - 4 scrolls of identify {unknown}
 l - 2 scrolls of enchant armour {unknown}
 m - 2 scrolls of enchant weapon {unknown}
 n - 2 scrolls of random uselessness {unknown}
 q - a scroll of teleportation {unknown}
 r - a scroll of fear {unknown}
 y - a scroll of noise {unknown}
 A - 3 scrolls of amnesia {unknown}
 D - a scroll of blinking {unknown}
Potions
 e - 2 potions of berserk rage {unknown}
 h - 2 potions of haste
 j - 3 potions of heal wounds {unknown}
 k - a potion of flight {unknown}
 p - a potion of mutation {unknown}
 t - 2 potions of curing {unknown}
 u - a potion of resistance {unknown}
 x - a potion of agility {unknown}
 z - 2 potions of degeneration {unknown}
Comestibles
 f - 5 rations
 E - a chunk of flesh


   Skills:
 + Level 5.0 Fighting
 + Level 6.3 Long Blades
 + Level 5.8 Armour
 + Level 2.2 Dodging
 + Level 0.4 Stealth
 + Level 5.9 Shields


You had 6 spell levels left.
You didn't know any spells.
Your spell library was empty.

Dungeon Overview and Level Annotations

Branches:
Dungeon (4/15)
 Temple: D:4-7

Altars:
Elyvilon
Yredelemnul

Annotations:
D:4 1 runed translucent door, Eustachio


Innate Abilities, Weirdness & Mutations

You reflexively headbutt those who attack you in melee.
You have a pair of horns on your head.


Message History

You block the ogre's attack.
You feel yourself speed up.
Eustachio casts a spell.
Eustachio blinks!
You barely miss the ogre. You headbutt the ogre!
The ogre is heavily wounded.
The ogre hits you with a +0 giant club!
* * * LOW HITPOINT WARNING * * *
You hit the ogre.
The ogre is heavily wounded.
The ogre hits you with a +0 giant club!
* * * LOW HITPOINT WARNING * * *
Your shield prevents you from hitting the ogre.
Your headbutt misses the ogre.
The ogre is heavily wounded.
You completely miss the ogre. You headbutt the ogre.
The ogre is severely wounded.
Eustachio mumbles some strange words.
Eustachio blinks!
The ogre hits you with a +0 giant club!
You die...

##########
.........#
..@..ยง.@#
##.....O#
...#...)####
. #..#....#
##..###.#
##..# .# ###
##.### #
##.. #...#
########..#
###.#
...........


You could see Eustachio and an ogre.

Vanquished Creatures
  The ghost of syranez the Insei, an amateur OpTm (D:4)
  An ice beast (D:3)
  A bullfrog (D:4)
  A scorpion (D:4)
  A crimson imp (D:3)
  Crazy Yiuf (D:2)
  4 worker ants (D:4)
  3 gnolls (D:3)
  6 adders
  3 oozes
  7 worms
  2 dart slugs
  3 leopard geckos
  2 orcs (D:4)
  5 giant cockroaches
  7 goblins
  7 hobgoblins
  8 jackals (D:3)
  7 kobolds
  3 ball pythons
  10 bats
  4 frilled lizards
  6 rats
93 creatures vanquished.

Notes
Turn   | Place    | Note
-------+----------+-------------------------------------------
     0 | D:1      | Peloso the Minotaur Fighter began the quest for the Orb.
     0 | D:1      | Reached XP level 1. HP: 19/19 MP: 0/0
   379 | D:1      | Reached XP level 2. HP: 27/27 MP: 1/1
   747 | D:2      | Reached XP level 3. HP: 33/33 MP: 2/2
   758 | D:2      | Found a white marble altar of Elyvilon.
  1098 | D:2      | Found a runed translucent door.
  1099 | D:2      | Noticed Crazy Yiuf
  1367 | D:2      | Killed Crazy Yiuf
  1367 | D:2      | Reached skill level 3 in Long Blades
  1367 | D:2      | Reached XP level 4. HP: 26/41 MP: 3/3
  1402 | D:3      | Noticed an ice beast
  1523 | D:3      | Killed an ice beast
  1523 | D:3      | Reached skill level 1 in Dodging
  1523 | D:3      | Reached skill level 5 in Shields
  1523 | D:3      | Reached XP level 5. HP: 28/47 MP: 4/4
  1699 | D:3      | Reached skill level 4 in Long Blades
  1862 | D:3      | Reached XP level 6. HP: 51/53 MP: 5/5
  2054 | D:3      | Reached skill level 5 in Armour
  2188 | D:4      | Reached skill level 5 in Long Blades
  2497 | D:4      | Found a basalt altar of Yredelemnul.
  2529 | D:4      | Reached XP level 7. HP: 50/60 MP: 6/6
  2618 | D:4      | Found a runed translucent door.
  2620 | D:4      | Noticed syranez's ghost (amateur OpTm)
  2715 | D:4      | Found a runed translucent door.
  2751 | D:4      | Killed syranez's ghost
  2751 | D:4      | Reached skill level 5 in Fighting
  2751 | D:4      | Reached skill level 6 in Long Blades
  2835 | D:4      | Noticed Eustachio
  2841 | D:4      | Slain by an ogre

Skill      XL: |  1  2  3  4  5  6  7 |
---------------+----------------------+-----
Armour         | 4 5 |  5.8
Fighting       | 4 5 |  5.0
Shields        | 4 5 |  5.9
Long Blades    | 3 4 5 6 |  6.3
Dodging        | 1 2 |  2.2
Stealth        | |  0.4

Action                   |  1- 3 |  4- 6 |  7- 9 || total
-------------------------+-------+-------+-------++-------
Melee: Long sword        |    86 |   114 |    48 ||   248
       Headbutt          |    12 |    23 |     8 ||    43
  Use: Potion            |       |       |     2 ||     2
  Eat: Chunk             |     1 |     4 |     2 ||     7
Armor: Scale mail        |    32 |    47 |    23 ||   102
Dodge: Dodged            |    38 |    39 |    16 ||    93
Block: Shield            |    50 |    62 |    31 ||   143
       Rpst.: Long sword |    13 |    10 |     4 ||    27
